 Dungeon Crawl Stone Soup version 0.31-a0-986-g5e6e4ef867 (webtiles) character file.

Game seed: 11584685437561294248

1516 Zonian the Magician (level 8, -3/41 HPs)
             Began as a Deep Elf Conjurer on Nov 4, 2023.
             Was a Believer of Ashenzari.
             Slain by a wight
             ... wielding a +5 war axe
              (9 damage)
             ... on level 6 of the Dungeon.
             The game lasted 00:20:20 (8599 turns).

Zonian the Magician (Deep Elf Conjurer)             Turns: 8599, Time: 00:20:20

Health: -3/41      AC:  7    Str:  4    XL:     8   Next: 53%
Magic:  11/22      EV: 28    Int: 26    God:    Ashenzari [**....]
Gold:   520        SH:  0    Dex: 13    Spells: 14/23 levels left

rFire   + . .        c - +3 demon blade (venom)
rCold   . . .        (no shield)
rNeg    . . .        f - +0 leather armour of Star-Bound Wisdom {rPois, Alch, Cun} (curse)
rPois   +            (no helmet)
rElec   .            E - +0 cloak of Ashenzari's Oracle {Range, Bglg} (curse)
rCorr   .            l - +1 pair of gloves "Urgency of Ashenzari" {Range, Fort} (curse)
SInv    +            k - +0 pair of boots of Ashenzari's Affliction {Self, Elem} (curse)
Will    .....        j - amulet of the acrobat
Stlth   +++          s - ring of protection from fire
HPRegen 0.26/turn    (no ring)
MPRegen 0.18/turn

%: acrobat
@: acrobatic
A: no striking features
a: Renounce Religion, Shatter the Chains


You were on level 6 of the Dungeon.
You worshipped Ashenzari.
Ashenzari was pleased with you.
You visited 2 branches of the dungeon, and saw 8 of its levels.
You also visited: Sewer and Ossuary.

You collected 592 gold pieces.
You spent 72 gold pieces at shops.

Inventory:

Hand Weapons
 c - a +3 demon blade of venom (weapon)
 n - a +1 whip of freezing
 o - a +0 rapier of freezing
 w - a +1 dagger of speed
 A - a +2 dagger of electrocution
Missiles
 p - 2 poisoned darts
 u - 6 boomerangs
 D - 3 curare-tipped darts
Armour
 a - a +0 robe
 f - the cursed +0 leather armour of Star-Bound Wisdom (worn) {rPois, Alch, Cun}
   (You took it off an orc on level 4 of the Dungeon)

   It has a curse which improves the following skills: Alchemy: Poison Magic and
   Transmutations.
   Cunning:   Dodging and Stealth.
 k - the cursed +0 pair of boots of Ashenzari's Affliction (worn) {Self, Elem}
   (You found it in a sewer)

   It has a curse which improves the following skills: Introspection: Fighting
   and Spellcasting.
   Elements:  Fire Magic, Ice Magic, Air Magic and Earth Magic.
 l - the cursed +1 pair of gloves "Urgency of Ashenzari" (worn) {Range, Fort}
   (You found it on level 1 of the Dungeon)

   It has a curse which improves the following skills: Ranged Combat: Ranged
   Weapons and Throwing.
   Fortitude: Armour and Shields.
 v - a +0 buckler
 E - the cursed +0 cloak of Ashenzari's Oracle (worn) {Range, Bglg}
   (You found it on level 7 of the Dungeon)

   It has a curse which improves the following skills: Ranged Combat: Ranged
   Weapons and Throwing.
   Beguiling: Conjurations, Hexes and Translocations.
Jewellery
 j - an amulet of the acrobat (around neck)
 q - a ring of positive energy
 s - a ring of protection from fire (left hand)
Scrolls
 h - 2 scrolls of fog
 t - 2 scrolls of enchant armour
 y - a scroll of fear
 z - a scroll of butterflies
 C - 3 scrolls of poison
Potions
 b - 2 potions of magic
 d - 7 potions of lignification
 e - 3 potions of attraction
 g - a potion of berserk rage
 i - 5 potions of curing
 m - 3 potions of enlightenment
 r - 4 potions of heal wounds
 x - 2 potions of brilliance
 B - a potion of haste


   Skills:
 + Level 2.5 Long Blades
 + Level 6.1(7.3) Dodging
 + Level 6.7(7.9) Stealth
 + Level 6.9(8.1) Spellcasting
 + Level 6.7(7.9) Conjurations
 + Level 4.1(5.2) Hexes
 + Level 1.1(1.8) Earth Magic


You had 14 spell levels left.
You knew the following spells:

 Your Spells              Type           Power      Damage    Failure   Level
a - Magic Dart            Conj           100%       1d8       1%          1
b - Searing Ray           Conj           100%       2d8       1%          2
c - Dazzling Flash        Conj/Hex       88%        N/A       1%          3
d - Stone Arrow           Conj/Erth      72%        3d11      4%          3

Your spell library contained the following spells:

 Spells                   Type           Power      Damage    Failure   Level
 Sandblast                Erth           40%        2d10      4%          1
 Fulminant Prism          Conj/Hex       22%        3d12      7%          4
 Passwall                 Tmut/Erth      12%        N/A       10%         2
 Cause Fear               Hex            18%        N/A       12%         4
 Brom's Barrelling Bould  Conj/Erth      36%        2d6       13%         4
 Sublimation of Blood     Necr           10%        N/A       16%         2
 Iskenderun's Mystic Bla  Conj/Tloc      31%        2d8       19%         4
 Volatile Blastmotes      Fire/Tloc      22%        2d11      28%         3
 Anguish                  Hex/Necr       12%        N/A       34%         4
 Irradiate                Conj/Tmut      15%        3d16      47%         5
 Petrify                  Tmut/Erth      15%        N/A       54%         4
 Enfeeble                 Hex            18%        N/A       100%        7


Dungeon Overview and Level Annotations

Branches:
Dungeon (7/15)             Temple (1/1) D:4           Sewer (visited)
Ossuary (visited)

Altars:
Ashenzari
Cheibriados
Dithmenos
Elyvilon
Fedhas
Gozag
Kikubaaqudgha
Makhleb
Nemelex Xobeh
Okawaru
Qazlal
Sif Muna
Trog
Uskayaw
Vehumet
Wu Jian
Xom
Yredelemnul
Zin
The Shining One

Shops:
D:2 !   D:5 *

Annotations:
D:6 Sigmund


Message History

Unknown command.
Casting: Searing Ray (safe; 1% risk of failure)
Confirm with . or Enter, or press ? or * to list all spells.
Aiming: Searing Ray (safe; 1% risk of failure)
Press: ? - help, Shift-Dir - straight line, f - wight
Aim: a wight, wielding a +3 morningstar and wearing a +0 robe (severely damaged, 83% to hit)
The searing ray hits the wight!
You destroy the wight! (Press . to maintain the ray.)
The wight misses you. The wight hits you with a +5 war axe.
You feel drained. The wight attacks as it pursues you!
The wight completely misses you.
Unknown command.
Casting: Searing Ray (safe; 1% risk of failure)
Confirm with . or Enter, or press ? or * to list all spells.
Aiming: Searing Ray (safe; 1% risk of failure)
Press: ? - help, Shift-Dir - straight line, f - wight
Aim: a wight, wielding a +1 short sword and wearing a +0 robe (moderately damaged, 83% to hit)
The searing ray hits the wight.
The wight is heavily damaged. (Press . to maintain the ray.)
The wight hits you with a +1 short sword!
* * * LOW HITPOINT WARNING * * *
The searing ray hits the wight!
You destroy the wight!
Your life force feels restored.
Your Earth Magic skill increases to level 1!
Unknown command.
Casting: Searing Ray (safe; 1% risk of failure)
Confirm with . or Enter, or press ? or * to list all spells.
Restarting spell: Searing Ray (safe; 1% risk of failure)
Press: ? - help, Shift-Dir - straight line, f - wight
Aim: a wight, wielding a +5 war axe and wearing a +0 robe (83% to hit)
The searing ray hits the wight.
The wight is moderately damaged. (Press . to maintain the ray.)
The wight misses you.
The searing ray hits the wight.
The wight is severely damaged.
The wight hits you with a +5 war axe!
You die...

.......###........##
.......###....#....#
..................###
..................#.#
....................##
...........##..#.....##
...........#....).....#
....................###
...............z@....#
..............))#...##
................#####
..........#....##
.......#####.>##
.....### #### .....##
#.....## .......#


You could see a wight.

Vanquished Creatures
  A water moccasin (D:5)
  A black bear (D:6)
  A centaur (D:5)
  A phantom (D:5)
  A bullfrog (D:6)
  2 scorpions
  2 wights (D:6)
  A howler monkey (D:4)
  4 hounds
  3 orc priests
  A gnoll bouda (D:5)
  5 iguanas
  5 orc wizards
  8 mummies (Ossuary)
  6 gnolls
  8 adders
  A shadow imp (D:6)
  4 worms
  2 dart slugs
  18 orcs
  7 bats
  8 endoplasms
  5 giant cockroaches
  7 goblins
  10 hobgoblins
  4 jackals
  4 kobolds
  2 quokkas
  7 ball pythons
  3 frilled lizards (D:3)
  A gnoll zombie (Ossuary)
  5 hobgoblin zombies
  2 kobold zombies (Ossuary)
  An orc zombie (Ossuary)
  6 rats
147 creatures vanquished.

Notes
Turn   | Place    | Note
-------+----------+-------------------------------------------
     0 | D:1      | Zonian the Deep Elf Conjurer began the quest for the Orb.
     0 | D:1      | Reached XP level 1. HP: 10/10 MP: 6/6
   271 | D:1      | Reached XP level 2. HP: 15/15 MP: 6/8
  1526 | D:2      | Reached XP level 3. HP: 19/19 MP: 8/10
  1709 | D:2      | Found Heyhioge's Distillery.
  1721 | D:2      | Bought a potion of curing for 36 gold pieces
  1721 | D:2      | Bought a potion of curing for 36 gold pieces
  1962 | D:2      | Found a faded altar of an unknown god.
  1967 | D:2      | Reached XP level 4. HP: 24/24 MP: 6/11
  2605 | D:3      | Reached skill level 5 in Conjurations
  2942 | D:3      | Learned a level 2 spell: Searing Ray
  2946 | D:3      | Learned a level 3 spell: Dazzling Flash
  3210 | D:3      | Found a glowing drain.
  3219 | Sewer    | Entered a sewer
  3267 | Sewer    | Noticed Pargi
  3453 | D:4      | Reached XP level 5. HP: 28/28 MP: 11/13
  3471 | D:4      | Found a staircase to the Ecumenical Temple.
  3589 | Temple   | Entered the Ecumenical Temple
  3593 | Temple   | Became a worshipper of Ashenzari the Shackled
  3732 | D:4      | Noticed a phantom
  4065 | D:4      | Reached XP level 6. HP: 32/32 MP: 7/15
  4070 | D:4      | Reached skill level 5 in Spellcasting
  4205 | D:4      | Reached skill level 5 in Stealth
  4462 | D:5      | Entered Level 5 of the Dungeon
  4534 | D:5      | Found a sand-covered staircase.
  4543 | Ossuary  | Entered an ossuary
  4931 | Ossuary  | Reached skill level 1 in Hexes
  5500 | Ossuary  | Reached XP level 7. HP: 36/36 MP: 11/17
  5815 | Ossuary  | Identified a scroll of acquirement
  5815 | Ossuary  | Acquired a +3 demon blade of venom
  5923 | D:5      | Reached skill level 5 in Dodging
  6203 | D:5      | Reached skill level 1 in Long Blades
  6612 | D:5      | Found a glowing silver altar of Zin.
  6615 | D:5      | Found Zin's Purification Station.
  6635 | D:5      | Reached * piety under Ashenzari
  6674 | D:5      | Reached XP level 8. HP: 41/41 MP: 9/19
  7402 | D:6      | Reached ** piety under Ashenzari
  7480 | D:6      | Learned a level 3 spell: Stone Arrow
  7782 | D:6      | Noticed Sigmund
  8598 | D:6      | Reached skill level 1 in Earth Magic
  8599 | D:6      | Slain by a wight

Illustrated notes

Levels and vault maps discovered:
D:1:      eino_arrival_water_star, layout_loops_ring,
          nicolae_twisty_statue_hallways
D:2:      layout_basic, hellmonk_ecumenical_altar_pennies_from_heaven,
          serial_shops, nicolae_shop_tiny_waterfront, minmay_close_crescents
D:3:      layout_rooms, portal_sewer_entry_d
D:4:      layout_rooms, minmay_temple_entry_arrows
D:5:      layout_rooms, zin_purify, enter_ossuary_3
D:6:      layout_cave_pools, uniq_sigmund
D:7:      layout_gridville, kennysheep_mini, hangedman_abyss_or_decor_slice
Temple:   nicolae_temple_bog_church

Skill      XL: |  1  2  3  4  5  6  7  8 |
---------------+-------------------------+-----
Stealth        | 3 4 5 6 |  6.7
Dodging        | 3 4 5 6 |  6.1
Spellcasting   | 4 5 6 |  6.9
Conjurations   | 5 6 |  6.7
Hexes          | 1 3 4 |  4.1
Long Blades    | 1 2 |  2.5
Earth Magic    | 1 |  1.1

Action                     |  1- 3 |  4- 6 |  7- 9 || total
---------------------------+-------+-------+-------++-------
  Melee: Whip              |     3 |     5 |       ||     8
         Rapier            |       |    11 |       ||    11
         Dagger            |       |    22 |     1 ||    23
         Punch             |       |     1 |       ||     1
         Demon blade       |       |       |    16 ||    16
   Cast: Magic Dart        |    66 |   139 |    89 ||   294
         Searing Ray       |       |    16 |    19 ||    35
 Invoke: Curse Item        |       |     1 |     3 ||     4
    Use: Scroll            |       |    12 |     5 ||    17
         Potion            |       |     3 |       ||     3
   Stab: Sleeping          |       |     3 |       ||     3
         Distracted        |       |     2 |       ||     2
 Armour: Robe              |     8 |    23 |       ||    31
         Leather armour    |       |     6 |    34 ||    40
  Dodge: Dodged            |    14 |    43 |    66 ||   123

Table legend: (Time is in decaauts)
 A = Elapsed time spent in this place.
 B = Non-inter-level travel time spent in this place.
 C = Inter-level travel time spent in this place.
 D = Time resting spent in this place.
 E = Time spent auto-exploring this place.
 F = Levels seen in this place.
 G = Mean time per level.
                   A        B        C        D        E       F      G
               +--------+--------+--------+--------+--------+-----+--------+
         Total |   8613 |   8474 |    139 |   3774 |   3106 |  10 |  861.3 |
       Dungeon |   7036 |   6901 |    135 |   2691 |   3029 |   7 | 1005.1 |
        Temple |      8 |      4 |      4 |      0 |      0 |   1 |    8.0 |
         Sewer |    194 |    194 |      0 |      0 |     32 |   1 |  194.0 |
       Ossuary |   1372 |   1372 |      0 |   1083 |     45 |   1 | 1372.0 |
               +--------+--------+--------+--------+--------+-----+--------+

Top non-repeatable levels by time:
     D:1: 1467 daAuts
 Ossuary: 1372 daAuts
     D:5: 1225 daAuts
     D:2: 1067 daAuts
     D:6: 1039 daAuts
     D:4: 1002 daAuts
     D:3: 737 daAuts
     D:7: 498 daAuts
   Sewer: 194 daAuts
  Temple: 8 daAuts
